 Dungeon Crawl Stone Soup version 0.31.0-9-g3a7656b989 (webtiles) character file.

Game seed: 9801605291878334527

25874 Armakuni the Cruncher (level 12, -3/75 HPs)
             Began as a Deep Elf Gladiator on Jan 24, 2024.
             Was a High Priest of Vehumet.
             Engulfed by a cloud of freezing vapour (34 damage)
             ... in a volcano.
             The game lasted 00:45:10 (15315 turns).

Armakuni the Cruncher (Deep Elf Gladiator)         Turns: 15315, Time: 00:45:11

Health: -3/75      AC: 25    Str: 16    XL:     12   Next: 93%
Magic:  22/27      EV: 18    Int: 21    God:    Vehumet [*****.]
Gold:   59         SH:  0    Dex: 24    Spells: 14/29 levels left

rFire   + . .        a - +2 quarterstaff (protect)
rCold   x . .        (shield currently unavailable)
rNeg    . . .        h - +8 ring mail of Dawn {Dex+4}
rPois   .            c - +2 helmet {Int+3}
rElec   .            n - +2 cloak
rCorr   .            (no gloves)
SInv    .            l - +2 pair of boots
Will    +....        (no amulet)
Stlth   +            F - ring of fire
HPRegen 0.32/turn    V - +6 ring of strength
MPRegen 0.20/turn

%: no passive effects
@: no status effects
A: hooves 1, iridescent scales 1, agile 1
a: Renounce Religion


You were in a volcano.
You worshipped Vehumet.
Vehumet was extremely pleased with you.
You visited 4 branches of the dungeon, and saw 18 of its levels.
You also visited: Volcano.

You collected 1165 gold pieces.
You spent 1106 gold pieces at shops.

Inventory:

Hand Weapons
 a - a +2 quarterstaff of protection (weapon)
Missiles
 e - a javelin
 z - 3 throwing nets
 A - 6 silver javelins
Armour
 c - a +2 helmet of intelligence (worn)
 h - the +8 ring mail of Dawn (worn) {Dex+4}
   (You found it on level 3 of the Dungeon)

   Dex+4:     It affects your dexterity (+4).
 l - a +2 pair of boots (worn)
 n - a +2 cloak (worn)
 q - the +2 buckler "Pus Fut" {Fly Str+3 Int+4 Dex+4 Stlth-}
   (You bought it in a shop on level 8 of the Dungeon)

   Str+3:     It affects your strength (+3).
   Int+4:     It affects your intelligence (+4).
   Dex+4:     It affects your dexterity (+4).
   Fly:       It grants you flight.
   Stlth-:    It makes you less stealthy.
 G - +0 swamp dragon scales
Jewellery
 d - a ring of magical power
 m - a +5 ring of evasion
 E - a +5 ring of evasion
 F - a ring of fire (left hand)
 V - a +6 ring of strength (right hand)
Wands
 k - a wand of digging (7)
 p - a wand of polymorph (7)
 C - a wand of flame (11) (quivered)
Scrolls
 b - 5 scrolls of identify
 g - 2 scrolls of amnesia
 i - 6 scrolls of teleportation
 o - a scroll of fog
 r - 3 scrolls of vulnerability
 s - a scroll of torment
 u - 2 scrolls of poison
 v - a scroll of noise
 B - a scroll of silence
 D - a scroll of revelation
Potions
 f - a potion of ambrosia
 j - a potion of haste
 t - 3 potions of curing
 w - 6 potions of brilliance
 x - 2 potions of heal wounds
 H - a potion of berserk rage
 I - a potion of might
 J - a potion of resistance
 X - 4 potions of mutation


   Skills:
 - Level 8.5 Fighting
 - Level 12.0 Staves
 - Level 2.0 Throwing
 - Level 4.0 Armour
 - Level 10.0 Dodging
 + Level 9.1 Spellcasting
 - Level 5.0 Conjurations
 - Level 5.0 Fire Magic
 - Level 5.0 Ice Magic
 - Level 5.0 Air Magic
 - Level 4.0 Alchemy
 - Level 5.0 Evocations


You had 14 spell levels left.
You knew the following spells:

 Your Spells              Type           Power      Damage    Failure   Level
j - Freezing Cloud        Conj/Ice/Air   15%        6-21      12%         5
o - Ozocubu's Armour      Ice            30%        N/A       4%          3
s - Sticky Flame          Fire/Alch      42%        2d8       5%          4
z - Stone Arrow           Conj/Erth      40%        3d9       4%          3

Your spell library contained the following spells:

 Spells                   Type           Power      Damage    Failure   Level
 Flame Wave               Conj/Fire      45%        2d12      4%          4
 Cigotuvi's Dreadful Rot  Necr/Alch/Air  44%        N/A       5%          2
 Ignite Poison            Fire/Alch      42%        N/A       5%          4
 Metabolic Englaciation   Hex/Ice        10%        N/A       77%         5
 Sculpt Simulacrum        Ice/Alch       14%        N/A       97%         6
 Summon Forest            Summ/Tloc      4%         N/A       98%         5
 Summon Mana Viper        Hex/Summ       9%         N/A       98%         5
 Summon Cactus Giant      Summ           4%         N/A       100%        6


Dungeon Overview and Level Annotations

Branches:
Dungeon (13/15)            Temple (1/1) D:4            Lair (3/5) D:11
 Shoals (0/4) Lair:2        Snake (0/4) Lair:3          Orc (1/2) D:12
Volcano (1/1)
 Vaults: D:13-14

Altars:
Ashenzari
Cheibriados
Dithmenos
Elyvilon
Gozag
Kikubaaqudgha
Makhleb
Nemelex Xobeh
Okawaru
Ru
Sif Muna
Uskayaw
Vehumet
Wu Jian
Xom
Yredelemnul
Zin
The Shining One

Shops:
D:8 ?![[(   D:10 !   D:11 *

Annotations:
Lair:3 2 transporters, Ruicvywi's ghost, journeyman OnSh


Innate Abilities, Weirdness & Mutations

You have large cloven feet.
You are partially covered in iridescent scales. (AC +2)
You are agile. (Dex +4, Str/Int -1)


Message History

The blast of flame hits you.
There is a dark tunnel here.
The world spins around you as you enter the gateway.
You enter a volcano!
Found a rocky tunnel leading out of this place.
There is a rock-blocked tunnel here.
HP restored.
There is a rocky tunnel leading out of this place here.
You open the door.
There is an open door here.
The air gets thick with the scent of sulphur.
In the distance, the volcano erupts with a roar.
You are engulfed in blazing flames.
You're standing in a cloud of flame!
You're wearing all the rings you can.
Remove which one? (? for menu, Esc to cancel) < or
E - a +5 ring of evasion; > or
V - a +6 ring of strength You remove your +5 ring of evasion.
You are engulfed in blazing flames.
You feel more attuned to fire.
F - a ring of fire (left hand)
You are engulfed in blazing flames.
You resist.
Unknown command.
You are engulfed in blazing flames.
You resist.
You are engulfed in blazing flames.
You resist.
You open the door.
A hell hound, a two-headed ogre and a salamander come into view.
The two-headed ogre is wielding two +0 giant clubs of flaming.
The salamander is wielding a +1 spear of flaming.
The hell hound barks!
The two-headed ogre shouts in stereo!
Found a battleaxe of flaming.
Casting: Freezing Cloud (dangerous; 12% risk of failure)
Confirm with . or Enter, or press ? or * to list all spells.
Aiming: Freezing Cloud (dangerous; 12% risk of failure)
Press: ? - help, Dir - move target You are engulfed in freezing vapours.
The hell hound is engulfed in freezing vapours.
The hell hound breathes flames at you.
You hear a sizzling sound!
The hell hound is engulfed in freezing vapours.
You are engulfed in freezing vapours.
You die...

≈≈≈≈≈≈≈ ####.# °≈°≈≈#
≈≈≈≈≈≈≈##'..## °≈≈≈§≈
≈≈≈≈≈~≈#.######≈≈≈≈°≈
≈≈≈≈≈~.........≈≈≈≈≈§
≈≈≈≈≈~~.......§§≈≈≈≈#
≈≈≈≈≈≈~..####.§§°≈≈≈≈
≈≈≈≈~.~.##O.##.≈≈≈≈°§
≈≈≈≈~≈~.#§§..#.≈≈≈°≈°
≈≈≈~≈~~☼@h☼N.#°≈≈≈≈°#
≈≈≈≈≈≈~.#§§..#..≈≈≈≈≈
≈≈≈≈≈~~.##§.##°.≈°≈≈≈
≈≈≈≈≈≈~.. ### .≈§≈≈≈§
≈≈≈≈≈~... ..≈≈°≈≈
≈≈≈≈≈~~..# ≈≈≈≈≈.~.##
≈≈≈≈≈≈~.#


You could see a salamander, a two-headed ogre and a hell hound (catching
breath).

Vanquished Creatures
  A hydra (Lair:2)
  3 two-headed ogres
  A boulder beetle (Lair:1)
  Pikel (D:6)
  A cyclops (D:12)
  Joseph (D:8)
  6 elephants
  2 black mambas (Lair:2)
  4 cane toads (Lair:2)
  2 gargoyles
  Maggie (Lair:2)
  7 komodo dragons
  A kobold demonologist (D:12)
  3 merfolk (Lair:2)
  4 trolls
  2 hornets
  10 blink frogs
  A dream sheep (Lair:2)
  A slime creature (D:12)
  A vampire (D:12)
  2 wyverns
  2 wraiths
  27 yaks
  A basilisk (Lair:2)
  A human (shapeshifter) (D:11)
  A steam dragon (D:7)
  5 vampire mosquitoes
  9 water moccasins
  An orc warrior (D:6)
  A sky beast (D:5)
  A black bear (D:7)
  9 centaurs
  2 ogres
  8 wolves
  A lemure (D:4)
  3 bullfrogs
  4 kobold brigands
  A gnoll sergeant (D:11)
  2 scorpions (D:7)
  A wight (D:8)
  10 killer bees
  2 electric eels (D:8)
  6 howler monkeys
  2 jellies (D:8)
  2 hounds (D:6)
  6 orc priests
  Ijyb (D:3)
  Terence (D:2)
  4 iguanas
  6 orc wizards
  2 centaur simulacra (D:8)
  5 gnolls
  6 adders
  A white imp (D:7)
  An ufetubus (D:8)
  3 ribbon worms
  6 dart slugs
  28 orcs
  10 ball pythons
  9 endoplasms
  2 giant cockroaches
  7 goblins
  4 hobgoblins
  2 quokkas
  7 bats
  5 frilled lizards
  26 kobolds
  7 rats
306 creatures vanquished.

Vanquished Creatures (collateral kills)
  A vampire mosquito (D:12)
  An iguana (D:5)
2 creatures vanquished.

Vanquished Creatures (others)
  A cane toad (Lair:1)
  A merfolk (Lair:2)
  2 vampire mosquitoes
  An orc wizard (D:6)
  An orc (Orc:1)
6 creatures vanquished.

Grand Total: 314 creatures vanquished

Notes
Turn   | Place    | Note
-------+----------+-------------------------------------------
     0 | D:1      | Armakuni the Deep Elf Gladiator began the quest for the
                  | Orb.
     0 | D:1      | Reached XP level 1. HP: 12/12 MP: 3/3
   240 | D:1      | Reached XP level 2. HP: 16/16 MP: 4/4
   557 | D:1      | Reached skill level 4 in Staves
   882 | D:2      | Reached XP level 3. HP: 9/20 MP: 5/5
  1746 | D:2      | Noticed Terence
  1755 | D:2      | Killed Terence
  1756 | D:2      | Reached skill level 5 in Staves
  1756 | D:2      | Reached XP level 4. HP: 25/25 MP: 6/6
  2382 | D:3      | Noticed Ijyb
  2407 | D:3      | Killed Ijyb
  2495 | D:3      | Found a white marble altar of Elyvilon.
  2524 | D:3      | Reached XP level 5. HP: 30/30 MP: 7/7
  2532 | D:3      | Found a shimmering blue altar of Sif Muna.
  2762 | D:3      | Identified the +8 ring mail of Dawn {Dex+4}
  3261 | D:4      | Found a staircase to the Ecumenical Temple.
  3286 | Temple   | Found a transporter.
  3286 | Temple   | Found a transporter.
  3286 | Temple   | Found a transporter.
  3286 | Temple   | Found a transporter.
  3286 | Temple   | Entered the Ecumenical Temple
  3301 | Temple   | Became a worshipper of Vehumet
  3495 | D:4      | Reached skill level 1 in Armour
  3920 | D:5      | Entered Level 5 of the Dungeon
  3980 | D:5      | Noticed an ogre
  3986 | D:5      | Reached XP level 6. HP: 35/35 MP: 8/8
  4028 | D:5      | Noticed Pikel
  4101 | D:5      | Gained mutation: You have hidden genetic potential. [potion
                  | of mutation]
  4101 | D:5      | Gained mutation: You are partially covered in iridescent
                  | scales. (AC +2) [potion of mutation]
  4648 | D:6      | Reached XP level 7. HP: 30/40 MP: 9/9
  4657 | D:6      | Gained mutation: You have large cloven feet. [hidden
                  | potential]
  4733 | D:6      | Reached skill level 5 in Dodging
  4767 | D:6      | Reached * piety under Vehumet
  4767 | D:6      | Offered knowledge of Shock by Vehumet.
  4975 | D:6      | Noticed a steam dragon
  5227 | D:6      | Killed Pikel
  5228 | D:6      | Reached XP level 8. HP: 25/44 MP: 10/10
  5234 | D:5      | Gained mutation: You are agile. (Dex +4, Str/Int -1)
                  | [hidden potential]
  5234 | D:5      | Lost mutation: You have hidden genetic potential. [hidden
                  | potential expressed]
  5316 | D:6      | Reached skill level 10 in Dodging
  5333 | D:6      | Reached skill level 6 in Staves
  5718 | D:7      | Reached XP level 9. HP: 38/51 MP: 11/11
  5728 | D:7      | Learned a level 3 spell: Ozocubu's Armour
  5734 | D:7      | Learned a level 5 spell: Freezing Cloud
  5804 | D:6      | Reached skill level 7 in Staves
  6171 | D:8      | Noticed a komodo dragon
  6304 | D:8      | Offered knowledge of Sandblast by Vehumet.
  6316 | D:8      | Reached ** piety under Vehumet
  6359 | D:7      | Reached skill level 5 in Fighting
  6359 | D:7      | Reached skill level 8 in Staves
  6402 | D:7      | Killed a komodo dragon
  6553 | D:8      | Reached skill level 9 in Staves
  6641 | D:8      | Reached XP level 10. HP: 42/60 MP: 12/12
  6814 | D:8      | Found a sparkling altar of Nemelex Xobeh.
  6831 | D:8      | Found Seiduhi's Antique Armour Emporium.
  6838 | D:8      | Bought a runed cloak for 195 gold pieces
  6838 | D:8      | Bought a blackened buckler for 247 gold pieces
  6838 | D:8      | Identified the +2 buckler "Pus Fut" {Fly Str+3 Int+4 Dex+4
                  | Stlth-} (You bought it in a shop on level 8 of the Dungeon)
  6931 | D:8      | Found Oxopiawk's Weapon Boutique.
  6990 | D:8      | Found Wox Xiomm's Distillery.
  6997 | D:8      | Found Qab Xihe's Magic Scroll Shoppe.
  7051 | D:8      | Noticed Joseph
  7074 | D:8      | Killed Joseph
  7260 | D:8      | Found Apau's Antique Armour Shop.
  7510 | D:9      | Found a shadowy altar of Dithmenos.
  7540 | D:9      | Reached skill level 10 in Staves
  7639 | D:9      | Offered knowledge of Stone Arrow by Vehumet.
  7875 | D:9      | Noticed a two-headed ogre
  7898 | D:9      | Killed a two-headed ogre
  8174 | D:10     | Entered Level 10 of the Dungeon
  8312 | D:10     | Found Gotairos's Distillery.
  8323 | D:10     | Bought 2 potions of heal wounds for 120 gold pieces
  8354 | D:10     | Identified the +7 falchion "Uhedyt" {holy, Int+6 Dex-3}
  8410 | D:10     | Reached *** piety under Vehumet
  8439 | D:10     | Found a snail-covered altar of Cheibriados.
  8439 | D:10     | Noticed a gargoyle
  8808 | D:10     | Reached skill level 11 in Staves
  8830 | D:10     | Killed a gargoyle
  9057 | D:11     | Noticed a two-headed ogre
  9072 | D:11     | Reached skill level 1 in Spellcasting
  9072 | D:11     | Reached XP level 11. HP: 63/68 MP: 12/14
  9085 | D:10     | Learned a level 3 spell: Stone Arrow
  9463 | D:11     | Offered knowledge of Hailstorm by Vehumet.
  9560 | D:11     | Found Tazu's Assorted Antiques.
  9567 | D:11     | Found a staircase to the Lair.
  9682 | D:11     | Reached skill level 5 in Spellcasting
 10532 | D:12     | Found a staircase to the Orcish Mines.
 11153 | D:11     | Killed a two-headed ogre
 11154 | D:11     | Reached skill level 5 in Evocations
 11274 | D:13     | Noticed a two-headed ogre
 11295 | D:13     | Killed a two-headed ogre
 11296 | D:13     | Reached skill level 12 in Staves
 11368 | D:13     | Noticed a death knight
 11474 | Lair:1   | Entered Level 1 of the Lair of Beasts
 11531 | Lair:1   | Noticed a boulder beetle
 11535 | Lair:1   | Reached **** piety under Vehumet
 11536 | Lair:1   | Reached skill level 1 in Conjurations
 11536 | Lair:1   | Reached skill level 1 in Ice Magic
 11536 | Lair:1   | Reached skill level 1 in Air Magic
 11566 | Lair:1   | Killed a boulder beetle
 11581 | Lair:1   | Offered knowledge of Sticky Flame by Vehumet.
 11587 | Lair:1   | Learned a level 4 spell: Sticky Flame
 11693 | Lair:1   | Reached skill level 1 in Fire Magic
 11966 | Lair:1   | Upgraded the game from 0.31.0-7-gf635a9b802 to
                  | 0.31.0-9-g3a7656b989
 12774 | Lair:2   | Reached XP level 12. HP: 75/75 MP: 21/21
 12854 | Lair:2   | Noticed Maggie
 12873 | Lair:2   | Killed Maggie
 13959 | Lair:2   | Reached skill level 5 in Conjurations
 13959 | Lair:2   | Reached skill level 5 in Ice Magic
 14099 | Lair:2   | Found a staircase to the Shoals.
 14126 | Lair:2   | Reached skill level 5 in Air Magic
 14141 | Lair:2   | Reached skill level 1 in Alchemy
 14675 | D:11     | Bought a warped quarterstaff for 297 gold pieces
 14675 | D:11     | Identified the +1 quarterstaff of Damp Resourcefulness
                  | {elec, ^Contam rPois rC- Stlth+} (You bought it in a shop
                  | on level 11 of the Dungeon)
 14678 | D:11     | Bought a runed helmet for 247 gold pieces
 14798 | Orc:1    | Entered Level 1 of the Orcish Mines
 15049 | Lair:2   | Reached skill level 5 in Fire Magic
 15077 | Lair:2   | Noticed a six-headed hydra
 15090 | Lair:2   | Killed a six-headed hydra
 15092 | Lair:2   | Reached ***** piety under Vehumet
 15139 | Lair:3   | Found a transporter.
 15139 | Lair:3   | Found a transporter.
 15166 | Lair:3   | Noticed Ruicvywi's ghost (journeyman OnSh)
 15220 | Lair:3   | Offered knowledge of Flame Wave by Vehumet.
 15264 | Lair:3   | Found a dark tunnel.
 15271 | Volcano  | Entered a volcano
 15313 | Volcano  | Noticed a two-headed ogre
 15315 | Volcano  | Engulfed by a cloud of freezing vapour

Illustrated notes

Levels and vault maps discovered:
D:1:      tarquinn_simple_flora_water_a, layout_loops_ring
D:2:      layout_basic, uniq_terence
D:3:      layout_basic, mainiacjoe_overflow_paths,
          nicolae_overflow_hidden_temple, serial_park_tiny_pond,
          chequers_serial_rivers_micro_e,
          nicolae_concentric_dashed_squares_mild, minivault_25, corexii_shack,
          uniq_ijyb
D:4:      layout_loops_ring, minmay_temple_entry_junction_2
D:5:      layout_gridville, uniq_pikel
D:6:      layout_basic
D:7:      layout_rooms
D:8:      layout_gridville, nemelex_spade_bored_becter, serial_ice,
          serial_ice_k, serial_ice_c, serial_ice_f, serial_ice_e, serial_shops,
          nicolae_shop_industrial_runoff, nicolae_shop_statue_plus, shop,
          nicolae_shop_behind_doors, nicolae_diamond_shop,
          minmay_chambers_of_fives, uniq_joseph
D:9:      layout_roguey, grunt_dithmenos_smoke_and_mirrors
D:10:     layout_basic, cheibriados_altar_1, serial_shops, shop
D:11:     layout_basic, lair_entry_dummy, nicolae_zen_rock_garden,
          nicolae_inconvenience_store, minmay_misc_feat_roman,
          minmay_stone_trees_small
D:12:     layout_small_grid, orc_0_dummy
D:13:     layout_irregular_city, portal_ice_cave_entry_pillars_1, st_stairs_8
Temple:   hellmonk_temple_divided_pantheon
Lair:1:   layout_cave_pods, chequers_serial_rivers_large_b,
          serial_bayou_shore_b, lemuel_fruit_fields, serial_bayou_shore_a
Lair:2:   layout_chaotic_city, elwin_shoals_entry_stream,
          minmay_shattered_shrine, uniq_maggie, uniq_erica
Lair:3:   layout_misc_corridors, alex1729_snake_entry_snake,
          nicolae_volcano_entry_vermiform, gammafunk_ghost_wrathful_warriors,
          infiniplex_staircase_pool, lemuel_fruit_tree
Orc:1:    layout_caves, serial_shops, shop, nicolae_shop_rolled_up, shop,
          basic_altar, kennysheep_orc_chapel
Volcano:  volcano_village

Skill      XL: |  1  2  3  4  5  6  7  8  9 10 11 12 |
---------------+-------------------------------------+-----
Staves         | 4 5 6 9 11 12 | 12.0
Fighting       | 2 3 6 8 |  8.5
Armour         | 2 4 |  4.0
Dodging        | 4 9 10 | 10.0
Spellcasting   | 1 5 9 |  9.1
Evocations     | 5 |  5.0
Conjurations   | 3 5 |  5.0
Ice Magic      | 3 5 |  5.0
Air Magic      | 3 5 |  5.0
Fire Magic     | 1 5 |  5.0
Alchemy        | 4 |  4.0
Throwing       | |  2.0

Action                     |  1- 3 |  4- 6 |  7- 9 | 10-12 || total
---------------------------+-------+-------+-------+-------++-------
  Melee: Quarterstaff      |   102 |   203 |   255 |   912 ||  1472
         Kick              |       |       |    76 |   109 ||   185
  Throw: Throwing net      |     1 |     4 |       |       ||     5
         Dart              |       |       |    11 |    30 ||    41
   Cast: Sticky Flame      |       |       |       |    12 ||    12
         Freezing Cloud    |       |       |       |     7 ||     7
         Ozocubu's Armour  |       |       |       |     1 ||     1
  Evoke: Wand              |       |     8 |     7 |    28 ||    43
    Use: Scroll            |     7 |     5 |     7 |    17 ||    36
         Potion            |       |     5 |     1 |     4 ||    10
   Stab: Sleeping          |     2 |     1 |       |       ||     3
         Held in net/web   |       |     1 |       |       ||     1
 Armour: Leather armour    |    25 |    40 |       |       ||    65
         Ring mail         |       |    50 |   133 |   427 ||   610
         Skin              |       |       |       |    12 ||    12
  Dodge: Dodged            |    74 |   186 |   313 |   920 ||  1493
